 Dungeon Crawl Stone Soup version 0.25.1-9-gc5326a611f (webtiles) character file.

Game seed: 10361948555383274972

95 sahdkjhfkaj the Shooter (level 4, -1/41 HPs)
             Began as a Centaur Hunter on Dec 27, 2020.
             Slain by Sigmund
             ... wielding a +4 scythe of venom
              (2 damage)
             ... on level 2 of the Dungeon.
             The game lasted 00:02:27 (2587 turns).

sahdkjhfkaj the Shooter (Centaur Hunter)            Turns: 2587, Time: 00:02:29

Health: -1/41      AC:  5    Str: 15 (16) XL:     4   Next: 39%
Magic:  4/4        EV: 12    Int:  8 (10) God:
Gold:   115        SH:  0    Dex:  6 (9)  Spells: 3/3 levels left

rFire    . . .     SeeInvis .   a - +1 shortbow
rCold    . . .     Gourm    .   (shield currently unavailable)
rNeg     . . .     Faith    .   k - +0 ring mail
rPois    .         Spirit   .   (no helmet)
rElec    .         Reflect  .   (no cloak)
rCorr    .         Harm     .   (no gloves)
MR       .....                  (no barding)
Stlth    ..........             (no amulet)
HPRegen  0.13/turn              p - +4 ring of evasion
MPRegen  0.09/turn              (no ring)

@: lethally poisoned (-1 -> -19), flying, very quick
A: large, hooves 3, deformed body, speed 2, tough skin 3
a: no special abilities


You were on level 2 of the Dungeon.
You were not hungry.

You visited 1 branch of the dungeon, and saw 2 of its levels.

You collected 115 gold pieces.

Inventory:

Hand Weapons
 a - a +1 shortbow (weapon)
 b - a +0 short sword
Missiles
 d - 14 arrows (quivered)
Armour
 k - a +0 ring mail (worn)
Jewellery
 o - an uncursed ring of ice
 p - a +4 ring of evasion (left hand)
Scrolls
 c - a scroll of blinking {unknown}
 e - a scroll of amnesia {unknown}
 g - 2 scrolls of remove curse
 l - a scroll of immolation {unknown}
Potions
 j - a potion of berserk rage {unknown}
 m - a potion of mutation {unknown}
Comestibles
 f - 3 rations
 n - 2 chunks of flesh


   Skills:
 + Level 4.7 Fighting
 - Level 5.3 Bows
 - Level 1.3 Dodging
 - Level 0.4 Stealth


You had 3 spell levels left.
You didn't know any spells.
Your spell library was empty.

Dungeon Overview and Level Annotations

Branches:
Dungeon (2/15)

Altars:
The Shining One

Annotations:
D:2 Sigmund


Innate Abilities, Weirdness & Mutations

You have hooves in place of feet.
Armour fits poorly on your strangely shaped body.
You cover ground very quickly.
You have extremely tough skin. (AC +3)


Message History

* * * LOW HITPOINT WARNING * * *
You feel sick. The adder barely misses you.
Unknown command.
It was a potion of flight.
You feel very buoyant.
You fly up into the air.
* * * LOW HITPOINT WARNING * * *
You feel sick. The adder bites you.
* * * LOW HITPOINT WARNING * * *
Sigmund hits you from afar with a +4 scythe of venom.
* * * LOW HITPOINT WARNING * * *
You are more poisoned.
The adder bites you but does no damage.
It was a potion of degeneration.
There was something very wrong with that liquid.
You feel weakened.
You feel dopey.
You feel clumsy.
* * * LOW HITPOINT WARNING * * *
You feel sick. The adder closely misses you.
Sigmund hits you from afar with a +4 scythe of venom.
You die...

#..##≈≈.........≈≈##.........
§≈..........§≈≈##........
≈......≈...§..≈≈##.......
..............§≈§##......
.............§§≈##......
............†...'.......
..≈...≈...≈.....'.......
................'.......
(....@S@.......≈##......
.............§§≈##......
......≈......≈§###......
≈...........§≈## #......
≈≈.........§≈## ......
#≈≈.......§≈## ##≈≈.....≈≈##
##§≈...≈≈## ###+++###


You could see Sigmund and an adder.

Vanquished Creatures
  Robin (D:1)
  2 adders (D:2)
  2 oozes (D:1)
  A dart slug (D:1)
  2 leopard geckos
  A ball python (D:1)
  6 bats
  9 hobgoblins
  4 jackals (D:2)
  5 kobolds
  2 quokkas (D:2)
  4 frilled lizards
  10 goblins
  3 rats
52 creatures vanquished.

Notes
Turn   | Place    | Note
-------+----------+-------------------------------------------
     0 | D:1      | sahdkjhfkaj the Centaur Hunter began the quest for the Orb.
     0 | D:1      | Reached XP level 1. HP: 17/17 MP: 1/1
   219 | D:1      | Reached XP level 2. HP: 3/25 MP: 2/2
  1010 | D:1      | Reached XP level 3. HP: 31/31 MP: 3/3
  1838 | D:2      | Noticed Robin
  1894 | D:1      | Killed Robin
  1944 | D:2      | Reached XP level 4. HP: 40/41 MP: 4/4
  2321 | D:2      | Found a glowing golden altar of the Shining One.
  2575 | D:2      | Noticed Sigmund
  2587 | D:2      | HP: 1/41 [poisoned by Sigmund]
  2587 | D:2      | Slain by Sigmund

Illustrated notes

Levels and vault maps discovered:
D:1:      dpeg_arrival_shrine, layout_loops_ring, serial_glass, glass_columns_a,
          glass_columns_b
D:2:      layout_basic, tso_metal_star, kennysheep_cluttered_room,
          kennysheep_generic_room_10, uniq_robin, uniq_sigmund

Skill      XL: |  1  2  3 |
---------------+----------+-----
Fighting       | 3 4 |  4.7
Bows           | |  5.3
Dodging        | |  1.3
Stealth        | |  0.4

Action                   |  1- 3 |  4- 6 || total
-------------------------+-------+-------++-------
Melee: Short sword       |   121 |    50 ||   171
       Kick              |    26 |    11 ||    37
 Fire: Shortbow          |     3 |     6 ||     9
  Use: Scroll            |     1 |       ||     1
       Potion            |       |     2 ||     2
  Eat: Chunk             |     2 |     2 ||     4
Armor: Leather armour    |    24 |       ||    24
       Ring mail         |    14 |    36 ||    50
Dodge: Dodged            |    51 |    29 ||    80
